 Dungeon Crawl Stone Soup version 0.30-a0-141-g30f27751c5 (webtiles) character file.

Game seed: 17919615620481817240

3371 themarg the Covert (level 9, -7/47 HPs)
             Began as a Spriggan Enchanter on Sept 25, 2022.
             Was a Believer of Dithmenos.
             Mangled by a centaur warrior (15 damage)
             ... on level 8 of the Dungeon.
             The game lasted 01:05:25 (11229 turns).

themarg the Covert (Spriggan Enchanter)            Turns: 11229, Time: 01:05:25

Health: -7/47      AC:  6    Str:  4    XL:     9   Next: 73%
Magic:  7/17       EV: 19    Int: 21    God:    Dithmenos [**....]
Gold:   308        SH:  0    Dex: 18    Spells: 7/18 levels left

rFire   . . .      SeeInvis +    A - +1 dagger (venom)
rCold   + . .      Faith    .    (no shield)
rNeg    . . .      Spirit   .    m - +0 robe of Taich {Int+3 SInv}
rPois   .          Reflect  .    h - +0 hat
rElec   .          Harm     .    (no cloak)
rCorr   .          Rampage  .    (gloves unavailable)
Will    +....                    (boots unavailable)
Stlth   +++++++...               (no amulet)
HPRegen 0.15/turn                p - ring "Qeqor" {AC+4 Stlth+}
MPRegen 0.15/turn                y - ring of protection from cold

@: confusing by touch, wreathed by umbra, very quick
A: very small, no large weapons, unfitting armour, see invisible, speed 3
a: Renounce Religion, Shadow Step


You were on level 8 of the Dungeon.
You worshipped Dithmenos.
Dithmenos was pleased with you.
You visited 2 branches of the dungeon, and saw 9 of its levels.

You collected 308 gold pieces.

Inventory:

Hand Weapons
 A - a +1 dagger of venom (weapon)
Missiles
 f - 8 boomerangs (quivered)
 s - 15 poisoned darts
Armour
 b - a +0 robe
 h - a +0 hat (worn)
 m - the +0 robe of Taich (worn) {Int+3 SInv}
   (You found it on level 2 of the Dungeon)

   Int:       It affects your intelligence (+3).
   SInv:      It lets you see invisible.
Jewellery
 d - a ring of fire
 k - a ring of ice
 p - the ring "Qeqor" (left hand) {AC+4 Stlth+}
   (You found it on level 3 of the Dungeon)

   [ring of protection]

   AC:        It affects your AC (+4).
   Stlth:     It makes you more stealthy.
 y - a ring of protection from cold (right hand)
 E - a ring of ice
 F - a +6 ring of intelligence
 G - a ring of flight
Wands
 a - a wand of flame (8)
 H - a wand of mindburst (14)
Scrolls
 o - a scroll of enchant armour {unknown}
 q - a scroll of silence {unknown}
 r - 3 scrolls of teleportation
 t - 3 scrolls of immolation
 u - 3 scrolls of fog
 v - 2 scrolls of fear
 w - 2 scrolls of enchant weapon {unknown}
 x - 2 scrolls of poison {unknown}
 C - a scroll of noise {unknown}
 I - a scroll of amnesia {unknown}
Potions
 c - 3 potions of invisibility
 e - a potion of might {unknown}
 g - 2 potions of mutation {unknown}
 i - 2 potions of heal wounds
 j - 2 potions of cancellation
 l - a potion of lignification {unknown}
 n - 3 potions of curing
 z - a potion of degeneration {unknown}
 B - a potion of brilliance {unknown}
Miscellaneous
 D - a box of beasts (inert)


   Skills:
 - Level 5.0 Fighting
 - Level 3.2 Short Blades
 - Level 5.0 Dodging
 + Level 10.2 Stealth
 + Level 5.2 Spellcasting
 - Level 5.0 Conjurations
 - Level 7.0 Hexes
 - Level 5.0 Evocations


You had 7 spell levels left.
You knew the following spells:

 Your Spells              Type           Power      Damage    Failure   Level
a - Ensorcelled Hibernat  Hex/Ice        40%        N/A       3%          2
b - Confusing Touch       Hex            34%        N/A       1%          3
c - Tukima's Dance        Hex            34%        N/A       1%          3
d - Dazzling Flash        Conj/Hex       60%        N/A       2%          3

Your spell library contained the following spells:

 Spells                   Type           Power      Damage    Failure   Level
 Portal Projectile        Hex/Tloc       40%        N/A       8%          3
 Blink                    Tloc           10%        N/A       16%         2
 Passwall                 Tmut/Erth      4%         N/A       16%         2
 Anguish                  Hex/Necr       10%        N/A       26%         4
 Leda's Liquefaction      Hex/Erth       10%        N/A       26%         4
 Call Canine Familiar     Summ           5%         N/A       32%         3
 Spider Form              Tmut/Pois      5%         N/A       32%         3
 Swiftness                Air            5%         N/A       32%         3
 Manifold Assault         Tloc           5%         N/A       71%         4
 Alistair's Intoxication  Tmut/Pois      3%         N/A       96%         5
 Borgnjor's Vile Clutch   Necr/Erth      2%         N/A       96%         5
 Eringya's Noxious Bog    Tmut/Pois      2%         N/A       100%        6
 Storm Form               Tmut/Air       2%         N/A       100%        7


Dungeon Overview and Level Annotations

Branches:
Dungeon (8/15)             Temple (1/1) D:5
   Lair: D:8-11

Altars:
Ashenzari
Cheibriados
Dithmenos
Fedhas
Gozag
Kikubaaqudgha
Makhleb
Nemelex Xobeh
Okawaru
Qazlal
Ru
Sif Muna
Uskayaw
Vehumet
Wu Jian
Xom
Yredelemnul
Zin
The Shining One

Annotations:
D:2 1 runed translucent door, Crazy Yiuf
D:6 7 runed translucent doors, exclusion: 7 doors, EyeSee2020's ghost, novice MiFi; KennySheep's ghost, novice NaBr; juncz's ghost, novice DrIE


Innate Abilities, Weirdness & Mutations

You are very small and have problems with some larger weapons.
You are too small for most types of armour.
You have supernaturally acute eyesight. (SInv)
You cover ground extremely quickly. (Speed+++)


Message History

You hit Pikel.
Pikel looks as sick as possible!
Pikel is severely wounded.
Pikel is no longer blind.
The lemure is no longer blind.
The lemure closely misses you. Pikel completely misses you.
The centaur warrior drinks a potion.
The centaur warrior goes berserk!
You completely miss Pikel.
Pikel is severely wounded.
The lemure misses you.
Pikel says, "I'm a little confused."
The lemure hits you!
Casting: Confusing Touch (safe; 1% risk of failure)
Confirm with . or Enter, or press ? or * to list all spells.
Your hands begin to glow red.
The centaur warrior closely misses you.
The centaur warrior kicks you but does no damage.
The centaur warrior completely misses you.
The centaur warrior misses you. The lemure hits you but does no damage.
The lemure misses you.
You hit the centaur warrior but do no damage.
You kill Pikel!
Dithmenos accepts your kill.
You can now step into the shadows of nearby creatures.
The centaur warrior hits you.
With Pikel's spell broken, his former minions thank you for their freedom.
The lemure departs this earthly plane. x2
The centaur warrior closely misses you.
The centaur warrior completely misses you.
The centaur warrior kicks you.
Training target 5.0 for Conjurations reached!
Your Conjurations skill increases to level 5!
You need to enable at least one skill for training.
You open the lid... ...and a mature oxshock beast leaps out!
The box is emptied!
The centaur warrior hits you! The centaur warrior closely misses you.
The centaur warrior barely misses you. The centaur warrior closely misses you.
You barely miss the centaur warrior. The centaur warrior hits you!
* * * LOW HITPOINT WARNING * * *
The centaur warrior completely misses you.
The centaur warrior hits you!
You die...

.. . #. ............Y.#.
................
...........#.##..
.............##.##
.................
....#.........§H# .
.......Y.....§c@#... ....
.###.....##..§.#......#.#
#........###..)§#...#.....
.....Y.Y..#####.....#D....
###.........###........$..
....#Y.Y.........#.......#
...##.....##..#..##.....#
#............###....#...
.....5Y..#.#..#.....#


You could see a centaur warrior (berserk, ally target) and a friendly mature
oxshock beast (summoned).

Vanquished Creatures
  Pikel (D:8)
  A hornet (D:7)
  Grinder (D:3)
  An ice beast (D:5)
  2 orc warriors (D:7)
  2 black bears
  An ogre (D:6)
  4 centaurs
  A lemure (D:8)
  A bullfrog (D:7)
  3 necrophages
  4 scorpions
  4 killer bees (D:7)
  A jelly (D:6)
  4 orc priests
  A gnoll bouda (D:7)
  8 iguanas
  4 orc wizards
  Robin (D:4)
  8 gnolls
  10 adders
  2 shadow imps
  2 white imps
  4 worms
  3 dart slugs
  20 orcs
  5 ball pythons
  4 endoplasms
  4 giant cockroaches
  12 goblins
  12 hobgoblins
  3 jackals (D:3)
  2 quokkas
  A bat (D:3)
  3 frilled lizards
  9 kobolds
  3 rats
152 creatures vanquished.

Vanquished Creatures (collateral kills)
  An ice beast (D:6)
  A centaur (D:5)
  An orc wizard (D:7)
3 creatures vanquished.

Vanquished Creatures (others)
  4 dancing weapons
4 creatures vanquished.

Grand Total: 159 creatures vanquished

Notes
Turn   | Place    | Note
-------+----------+-------------------------------------------
     0 | D:1      | themarg the Spriggan Enchanter began the quest for the Orb.
     0 | D:1      | Reached XP level 1. HP: 9/9 MP: 5/5
   115 | D:1      | Reached skill level 5 in Stealth
   244 | D:1      | Reached XP level 2. HP: 12/13 MP: 6/6
   332 | D:1      | Learned a level 2 spell: Ensorcelled Hibernation
  1303 | D:2      | Reached XP level 3. HP: 16/16 MP: 1/8
  1368 | D:2      | Found a faded altar of an unknown god.
  1382 | D:2      | Identified the +0 robe of Taich {Int+3 SInv}
  1750 | D:2      | Found a runed translucent door.
  1751 | D:2      | Noticed Crazy Yiuf
  2102 | D:2      | Reached XP level 4. HP: 21/21 MP: 5/10
  2387 | D:2      | Learned a level 3 spell: Confusing Touch
  2781 | D:3      | Identified the ring "Qeqor" {AC+4 Stlth+}
  2897 | D:3      | Noticed Grinder
  3059 | D:3      | Paralysed by Grinder for 2 turns
  3634 | D:3      | Found a sparkling altar of Nemelex Xobeh.
  3710 | D:3      | Found a hide-covered altar of Uskayaw.
  3710 | D:3      | Found an ancient bone altar of Kikubaaqudgha.
  3769 | D:3      | Killed Grinder
  3770 | D:3      | Reached skill level 6 in Stealth
  3770 | D:3      | Reached skill level 5 in Hexes
  3770 | D:3      | Reached XP level 5. HP: 24/24 MP: 9/13
  3770 | D:3      | Reached XP level 6. HP: 28/28 MP: 9/14
  3866 | D:3      | Found an iron altar of Okawaru.
  4439 | D:4      | Reached skill level 7 in Stealth
  4846 | D:4      | Noticed Robin
  4948 | D:3      | Upgraded the game from 0.30-a0-140-gd1020e658a to
                  | 0.30-a0-141-g30f27751c5
  4975 | D:3      | Reached skill level 5 in Spellcasting
  5741 | D:4      | Killed Robin
  6076 | D:4      | Reached XP level 7. HP: 25/32 MP: 12/15
  6146 | D:4      | Learned a level 3 spell: Tukima's Dance
  6420 | D:3      | Reached skill level 8 in Stealth
  6427 | D:3      | Found a shimmering blue altar of Sif Muna.
  6429 | D:3      | Found a snail-covered altar of Cheibriados.
  6430 | D:3      | Found a broken altar of Ashenzari.
  6473 | D:5      | Entered Level 5 of the Dungeon
  6523 | D:5      | Found a staircase to the Ecumenical Temple.
  6534 | Temple   | Entered the Ecumenical Temple
  6572 | Temple   | Became a worshipper of Dithmenos the Shadowed
  6647 | D:5      | Reached skill level 1 in Conjurations
  7273 | D:5      | Reached skill level 9 in Stealth
  7604 | D:6      | Reached XP level 8. HP: 36/36 MP: 16/16
  7839 | D:6      | Found a runed translucent gate.
  7839 | D:6      | Found a runed translucent gate.
  7840 | D:6      | Found a runed translucent gate.
  7842 | D:6      | Noticed juncz's ghost (novice DrIE)
  7842 | D:6      | Noticed KennySheep's ghost (novice NaBr)
  7843 | D:6      | Noticed EyeSee2020's ghost (novice MiFi)
  8010 | D:6      | Reached skill level 1 in Fighting
  8010 | D:6      | Reached skill level 5 in Dodging
  8010 | D:6      | Reached skill level 10 in Stealth
  8197 | D:6      | Found an ornate altar of the Wu Jian Council.
  8349 | D:6      | Found a large runed translucent door.
  8349 | D:6      | Found a large runed translucent door.
  8516 | D:6      | Noticed a cyclops
  8516 | D:6      | Noticed a skeletal warrior
  8523 | D:6      | Found a large runed translucent door.
  8523 | D:6      | Found a large runed translucent door.
  8594 | D:6      | Reached * piety under Dithmenos
  9075 | D:7      | Reached skill level 5 in Fighting
  9075 | D:7      | Reached XP level 9. HP: 47/47 MP: 11/17
  9079 | D:7      | Learned a level 3 spell: Dazzling Flash
  9190 | D:7      | Reached skill level 1 in Evocations
 10341 | D:7      | Reached skill level 5 in Evocations
 11214 | D:8      | Noticed Pikel
 11220 | D:8      | Noticed a centaur warrior
 11227 | D:8      | Killed Pikel
 11227 | D:8      | Reached ** piety under Dithmenos
 11228 | D:8      | Reached skill level 5 in Conjurations
 11229 | D:8      | Mangled by a centaur warrior

Illustrated notes

Levels and vault maps discovered:
D:1:      sevenhm_arrival_forest_fort_large_3, layout_basic,
          dreamdust_mushroom_princess, minmay_misc_feat_roman
D:2:      layout_loops_ring, ebering_ecumenical_altar_sacrificial,
          uniq_crazy_yiuf_cottage
D:3:      layout_rooms, nemelex_spade_bored_becter, okawaru_altar_gauntlet_db,
          chequers_temple_overflow_minitemple, uniq_grinder
D:4:      layout_cave_pools, chequers_serial_rivers_room_a, uniq_robin
D:5:      layout_cave_pools, minmay_temple_entry_proselytizer,
          hangedman_abyss_or_decor_jellyfish_corner, nicolae_underground_beach
D:6:      layout_rooms, mainiacjoe_overflow_24_doors, gammafunk_ghost_cemetery,
          minmay_hollow_rounded_squares
D:7:      layout_loops_corners, minmay_crossroads
D:8:      layout_cave_pools, trog_three_pillars_becter,
          minmay_misc_feat_columns, uniq_grum, uniq_pikel, uniq_prince_ribbit1,
          uniq_psyche
Temple:   hellmonk_temple_of_storms

Skill      XL: |  1  2  3  4  5  6  7  8  9 |
---------------+----------------------------+-----
Stealth        | 5 6 7 9 10 | 10.2
Spellcasting   | 3 4 5 |  5.2
Hexes          | 4 5 6 7 |  7.0
Short Blades   | 3 |  3.2
Dodging        | 3 4 5 |  5.0
Conjurations   | 1 2 5 |  5.0
Fighting       | 5 |  5.0
Evocations     | 5 |  5.0

Action                   |  1- 3 |  4- 6 |  7- 9 || total
-------------------------+-------+-------+-------++-------
Melee: Dagger            |    65 |   242 |   289 ||   596
       Punch             |       |     1 |     7 ||     8
 Cast: Ensorcelled Hiber |    18 |    30 |     1 ||    49
       Confusing Touch   |       |    36 |    44 ||    80
       Tukima's Dance    |       |       |    15 ||    15
       Dazzling Flash    |       |       |    11 ||    11
Evoke: Box of beasts     |       |       |     1 ||     1
  Use: Scroll            |       |       |     6 ||     6
       Potion            |       |       |     1 ||     1
 Stab: Sleeping          |    20 |    21 |    15 ||    56
       Confused          |       |    16 |    25 ||    41
       Distracted        |       |     1 |       ||     1
       Invisible         |       |       |    10 ||    10
Armor: Robe              |     4 |    29 |    28 ||    61
Dodge: Dodged            |    31 |   146 |   216 ||   393

Table legend: (Time is in decaauts)
 A = Elapsed time spent in this place.
 B = Non-inter-level travel time spent in this place.
 C = Inter-level travel time spent in this place.
 D = Time resting spent in this place.
 E = Time spent auto-exploring this place.
 F = Levels seen in this place.
 G = Mean time per level.
                   A        B        C        D        E       F      G
               +--------+--------+--------+--------+--------+-----+--------+
         Total |   8710 |   8364 |    346 |   3906 |   1410 |   9 |  967.8 |
       Dungeon |   8672 |   8326 |    346 |   3906 |   1405 |   8 | 1084.0 |
        Temple |     37 |     37 |      0 |      0 |      5 |   1 |   37.0 |
               +--------+--------+--------+--------+--------+-----+--------+

Top non-repeatable levels by time:
     D:3: 1849 daAuts
     D:7: 1726 daAuts
     D:2: 1221 daAuts
     D:6: 1148 daAuts
     D:4: 1001 daAuts
     D:1: 979 daAuts
     D:5: 654 daAuts
     D:8: 91 daAuts
  Temple: 37 daAuts
